Map: Purity and Industry LE

Players

Osiris

  • Race: Terran Terran
  • League: Diamond
  • Spawn Location: 3:00

TheTiny - Winner!

  • Race: Zerg Zerg
  • League: Diamond
  • Spawn Location: 12:00

VOD

Have the link to the VOD?

Description

Time

  • Played on: March 24, 2020, 6:13 p.m.
  • Length: 17:48
Show
View Real Time Build Order
Export as new Build Order

Osiris Terran 

Build Orders: Reaper Expand, Hellion Banshee, Mech 

Get SALT Encoding   

  12  0:01  SCV  
  13  0:13  SCV  
  14  0:17  Supply Depot  
  14  0:25  SCV  
  15  0:38  SCV  
  15  0:39  Barracks  
  16  0:44  Refinery  
  16  0:50  SCV  
  17  1:03  SCV  
  18  1:15  SCV  
  19  1:27  Reaper  
  19  1:28  Orbital Command  
  20  1:41  Command Center  
  20  1:50  Supply Depot  
  20  1:53  SCV  
  21  1:59  Marine  
  22  2:05  SCV  
  23  2:09  Factory  
  23  2:29  SCV  
  23  2:31  Barracks Reactor  
  23  2:44  Command Center  
  23  2:49  SCV  
  24  2:57  Orbital Command  
  24  3:00  Starport  
  24  3:04  SCV  
  25  3:06  Refinery  
  25  3:17  Hellion x2  
  25  3:19  SCV  
  30  3:25  SCV  
  31  3:28  Barracks Tech Lab  
  31  3:34  SCV  
  32  3:42  Hellion x2  
  36  3:51  SCV  
  36  3:52  SCV  
  38  3:56  Refinery  
  38  3:57  Orbital Command  
  38  3:59  Banshee  
  41  4:03  SCV  
  41  4:04  SCV  
  41  4:08  Supply Depot  
  41  4:09  Hellion  
  45  4:12  Barracks Tech Lab  
  45  4:15  SCV  
  46  4:18  SCV  
  46  4:22  SCV  
  46  4:24  Bunker  
  48  4:27  Hellion, SCV  
  51  4:36  SCV  
  51  4:37  SCV  
  53  4:44  Supply Depot  
  53  4:45  SCV  
  54  4:49  Supply Depot  
  54  4:59  Refinery  
  54  5:00  Factory  
  54  5:01  Hellion x2, SCV  
  54  5:02  SCV  
  54  5:03  Factory  
  54  5:06  SCV  
  61  5:12  Barracks Tech Lab  
  61  5:13  Starport Reactor  
  61  5:16  SCV  
  61  5:18  Factory x2  
  62  5:26  SCV  
  62  5:28  Hellion x2  
  67  5:29  SCV  
  68  5:43  SCV  
  68  5:45  Armory, SCV  
  68  5:46  Armory  
  70  6:05  Siege Tank x2  
  70  6:06  Hellion x2  
  80  6:11  Engineering Bay, SCV  
  80  6:15  Hellion x2  
  85  6:34  SCV  
  85  6:37  Thor  
  85  6:41  Missile Turret  
  85  6:43  Thor  
  85  6:47  Missile Turret  
  85  6:54  Missile Turret  
  85  6:55  Missile Turret  
  85  6:57  Missile Turret x2  
  78  7:18  Thor  
  84  7:34  Hellion  
  84  7:35  Hellion  
  84  7:36  Hellion  
  84  7:39  Orbital Command  
  84  7:40  Hellion  
  84  7:43  Thor  
  84  7:46  SCV x2  
  84  7:56  Thor  
  90  8:02  Orbital Command  
  87  8:12  Missile Turret  
  87  8:16  Missile Turret  
  87  8:20  Terran Vehicle And Ship Armor Level 1, Terran Vehicle Weapons Level 1  
  87  8:21  Missile Turret  
  87  8:22  Infernal Pre-Igniter  
  87  8:24  Hellion x3  
  89  8:40  Missile Turret  
  89  8:41  Neosteel Armor  
  89  8:46  Missile Turret  
  89  8:47  Thor  
  93  9:01  SCV  
  92  9:07  Refinery  
  92  9:12  Missile Turret x2  
  92  9:17  Missile Turret  
  92  9:29  Hellion, Siege Tank x2  
  100  9:31  Missile Turret  
  100  9:33  Missile Turret  
  100  9:42  Supply Depot  
  100  9:45  Supply Depot  
  100  9:48  Supply Depot  
  100  9:52  Smart Servos  
  100  9:54  SCV  
  101  10:03  SCV x2  
  101  10:04  Hellion x3  
  109  10:07  Hellion x2, SCV, Siege Tank  
  109  10:10  Hellion  
  118  10:15  SCV  
  118  10:16  Supply Depot  
  118  10:20  Supply Depot  
  119  10:23  Supply Depot  
  119  10:24  SCV x2  
  119  10:25  Refinery x2  
  119  10:26  Siege Tank  
  124  10:29  Terran Vehicle Weapons Level 2  
  124  10:33  Terran Vehicle And Ship Armor Level 2  
  124  10:35  Hi-Sec Auto Tracking  
  124  10:38  Hellion x2  
  124  10:42  Supply Depot  
  128  10:44  Siege Tank  
  128  10:45  Hellion x2  
  132  10:57  Refinery  
  131  11:05  Missile Turret  
  131  11:07  SCV x2  
  133  11:15  Siege Tank x2  
  133  11:16  Missile Turret, Hellion x2  
  143  11:38  Missile Turret  
  144  11:40  SCV  
  144  11:46  Command Center  
  144  11:53  Siege Tank x2  
  144  11:54  Hellion x2, Siege Tank  
  157  12:11  Hellion  
  157  12:15  Hellion  
  150  12:19  Hellion  
  150  12:20  Hellion  
  93  12:25  Thor  
  87  12:32  Hellion x2  
  90  12:37  Hellion x2  
  94  12:44  Hellion  
  94  12:53  Siege Tank x2  
  94  12:54  SCV x2  
  94  12:55  SCV  
  103  13:01  Hellion x2  
  103  13:02  Hellion  
  109  13:13  Thor  
  109  13:14  Hellion  
  109  13:17  SCV x3  
  120  13:37  Siege Tank x2  
  120  13:38  Widow Mine  
  120  13:39  Hellion x3  
  120  13:56  Hellion  
  120  13:59  Hellion  
  120  14:01  SCV x2  
  120  14:02  SCV  
  127  14:13  Planetary Fortress  
  127  14:20  Hellion, Siege Tank  
  127  14:21  Hellion, Siege Tank  
  135  14:34  Hellion x2, Siege Tank  
  123  14:43  Hellion  
  123  14:52  Thor  
  123  14:57  Hellion  
  123  14:58  Hellion x2  
  121  15:07  Thor  
  125  15:16  Siege Tank  
  117  15:34  Hellion x3  
  117  15:35  SCV x2  
  124  15:38  SCV x2  
  127  15:47  SCV  
  128  15:56  Hellion x2  
  124  16:17  Thor  
  122  16:30  Thor  
  116  17:14  Orbital Command  
Show
View Real Time Build Order
Export as new Build Order

TheTiny Zerg - Winner!

Build Orders: Hatch First, Brood Lord Corruptor, Muta Ling Bane 

Get SALT Encoding   

  12  0:00  Drone  
  13  0:12  Overlord  
  13  0:18  Drone  
  14  0:30  Drone  
  14  0:31  Drone  
  16  0:53  Hatchery, Drone  
  16  0:57  Drone  
  17  1:00  Drone  
  18  1:12  Extractor  
  18  1:18  Spawning Pool  
  16  1:20  Drone  
  16  1:24  Drone  
  18  1:31  Drone  
  19  1:43  Drone  
  20  1:57  Overlord  
  20  2:04  Queen x2  
  20  2:05  Zergling x2  
  20  2:06  Zergling x2  
  26  2:26  Extractor  
  25  2:30  Drone  
  25  2:31  Drone  
  25  2:33  Metabolic Boost  
  25  2:35  Drone  
  28  2:43  Hatchery  
  28  2:51  Queen  
  28  2:53  Drone  
  28  2:56  Drone  
  32  3:03  Lair  
  32  3:09  Overlord  
  32  3:13  Drone  
  32  3:14  Drone  
  34  3:21  Drone  
  34  3:22  Spore Crawler  
  34  3:26  Spore Crawler  
  33  3:33  Drone x3  
  36  3:39  Drone x2  
  38  3:43  Overlord  
  38  3:54  Drone x2  
  38  3:55  Drone, Extractor  
  41  3:57  Queen  
  42  4:04  Drone x3  
  45  4:12  Queen  
  47  4:17  Drone x2  
  47  4:18  Overlord  
  49  4:26  Spire  
  48  4:37  Zergling x8  
  48  4:38  Zergling x4  
  54  4:39  Drone  
  54  4:43  Drone, Extractor  
  54  4:44  Drone  
  56  4:45  Extractor  
  56  4:46  Drone  
  56  4:58  Overlord x3  
  56  5:06  Drone x2  
  58  5:08  Overlord  
  58  5:16  Overlord x2  
  58  5:18  Drone x3  
  58  5:20  Drone  
  62  5:21  Drone  
  63  5:32  Queen  
  63  5:34  Queen  
  67  5:38  Overseer  
  67  5:49  Mutalisk x4  
  75  5:57  Mutalisk x2  
  75  5:59  Mutalisk  
  75  6:03  Mutalisk  
  83  6:07  Overlord  
  83  6:09  Drone x2  
  85  6:20  Mutalisk  
  85  6:21  Mutalisk  
  87  6:38  Mutalisk  
  87  6:39  Mutalisk  
  91  6:40  Zergling x8  
  91  6:41  Zergling x2, Drone x3  
  99  6:55  Mutalisk  
  99  6:56  Mutalisk  
  103  7:14  Mutalisk x2  
  108  7:15  Zergling x4  
  108  7:16  Zergling x6  
  108  7:19  Zergling x4  
  108  7:21  Overlord x2  
  112  7:25  Overlord x2  
  112  7:32  Drone  
  112  7:33  Drone x3  
  112  7:34  Overlord x2  
  112  7:35  Overlord  
  111  7:43  Drone x2  
  105  8:00  Overlord, Drone x4  
  109  8:05  Hatchery  
  109  8:06  Drone x2  
  109  8:07  Hatchery  
  109  8:09  Baneling Nest  
  109  8:10  Evolution Chamber  
  109  8:11  Evolution Chamber  
  103  8:27  Drone, Extractor  
  103  8:28  Drone x4  
  103  8:29  Drone, Extractor  
  95  8:36  Mutalisk x4  
  95  8:37  Mutalisk  
  95  8:39  Zergling x2  
  95  8:40  Zergling x6  
  109  8:55  Zergling x12  
  115  9:07  Zergling x10  
  120  9:15  Drone x3  
  120  9:16  Drone x2  
  125  9:22  Queen  
  127  9:24  Zerg Melee Weapons Level 1  
  127  9:25  Zerg Ground Armor Level 1, Centrifical Hooks  
  127  9:40  Zergling x16  
  127  9:41  Zergling x4  
  137  9:46  Infestation Pit  
  137  9:50  Baneling x6  
  137  9:51  Zergling x6, Baneling x2  
  137  9:52  Zergling x14  
  146  9:53  Zergling x8  
  150  10:03  Zergling x2  
  150  10:04  Zergling x10  
  156  10:14  Mutalisk x6  
  154  10:16  Zergling x4  
  168  10:24  Drone x4  
  168  10:25  Drone x3  
  175  10:34  Overlord x2  
  175  10:35  Overlord  
  175  10:40  Zergling x4  
  177  10:43  Hive  
  177  10:54  Zergling x4  
  177  10:55  Zergling x8  
  183  11:01  Zergling x12  
  183  11:02  Zergling x2  
  188  11:06  Baneling  
  188  11:08  Baneling x7  
  188  11:09  Baneling x2  
  188  11:12  Mutalisk x5  
  196  11:33  Extractor  
  196  11:34  Extractor  
  194  11:47  Hatchery  
  194  11:49  Queen  
  194  11:52  Baneling x2  
  194  11:53  Baneling x29  
  194  11:54  Baneling x9  
  154  12:16  Zergling x4  
  154  12:17  Zergling x14  
  154  12:18  Zergling x14  
  154  12:19  Zergling x14  
  154  12:20  Zergling x14, Corruptor  
  143  12:25  Greater Spire  
  143  12:29  Drone x4  
  142  12:30  Drone x2  
  142  12:35  Zergling x4  
  142  12:36  Zergling x10  
  142  12:37  Zergling x2  
  144  12:43  Zergling x8  
  145  12:46  Corruptor  
  147  12:59  Baneling x12  
  147  13:05  Corruptor  
  147  13:06  Corruptor x3  
  147  13:08  Zerg Melee Weapons Level 2  
  155  13:18  Drone x7  
  155  13:19  Drone x3  
  159  13:38  Corruptor x3  
  159  13:39  Corruptor x2  
  169  13:43  Brood Lord x2  
  169  13:46  Zergling x8  
  169  13:47  Zergling x2  
  168  14:05  Baneling x2  
  168  14:06  Baneling x4  
  168  14:07  Brood Lord x3  
  168  14:09  Zergling x2  
  175  14:10  Zergling x22  
  175  14:11  Zergling x2  
  187  14:17  Baneling x3  
  187  14:18  Baneling x6  
  187  14:19  Baneling  
  139  14:39  Zergling x6  
  139  14:40  Zergling x12  
  139  14:41  Zergling x14  
  139  14:42  Zergling x12  
  155  14:47  Brood Lord x2  
  146  15:02  Brood Lord x4  
  146  15:07  Drone x4  
  157  15:16  Zergling x8  
  159  15:32  Hatchery  
  158  15:36  Baneling x7  
  158  15:37  Baneling x17  
  158  15:38  Baneling  
  149  16:14  Zergling x24  
  149  16:15  Zergling x18  
  152  16:21  Zergling x10  
  152  16:22  Zergling x2  
  152  16:49  Baneling  
  152  16:50  Baneling x18  
  152  16:51  Zergling x2  
  152  16:52  Zergling x2  
  151  17:17  Zergling x10  
  151  17:18  Zergling x32  
  151  17:19  Zergling x2  
  151  17:20  Zergling x2  
Tags
 
Add a new tag
Caveats
  • Supply blocks, unpowered buildings, or Contaminate may cause inaccurate times.
  • Supply counts are checked every 10 seconds.